 Dungeon Crawl Stone Soup version 0.31.0-32-g396128a36d (webtiles) character file.

Game seed: 3013846295690799372

4555 Valakon2 the Grappler (level 10, -14/84 (89) HPs)
             Began as a Troll Shapeshifter on Apr 5, 2024.
             Was an Initiate of Wu Jian.
             Demolished by an orc knight
             ... wielding a +2 dire flail
              (19 damage)
             ... on level 2 of the Orcish Mines.
             The game lasted 00:24:21 (7122 turns).

Valakon2 the Grappler (Troll Shapeshifter)          Turns: 7122, Time: 00:24:22

HP:   -14/84 (89)   AC:  4    Str: 24      XL:     10   Next: 18%
MP:   9/9           EV: 11    Int: 11 (12) God:    Wu Jian [......]
Gold: 1308          SH:  0    Dex: 13      Spells: 9/9 levels left

rFire   . .          .
                       - Unarmed
rCold   . . .        (no shield)
rNeg    . . .        a - +0 animal skin
rPois   .            (helmet currently unavailable)
rElec   .            (cloak currently unavailable)
rCorr   .            (gloves unavailable)
SInv    .            (boots unavailable)
Will    .....        (no amulet)
Stlth   ++           q - +6 ring of intelligence
HPRegen 1.14/turn    (no ring)
MPRegen 0.11/turn

%: no passive effects
@: brilliant, beast-form, slowed, drained, very slow
A: beast (slay +3), large, unfitting armour, claws 3, regeneration 1, shaggy fur
1, tough skin 1, hooves 1, deterioration 1, screaming 1
a: Begin Untransformation, Renounce Religion


You were on level 2 of the Orcish Mines.
You worshipped Wu Jian.
Wu Jian was noncommittal.
You were a hulking beast.
You visited 3 branches of the dungeon, and saw 12 of its levels.

You collected 1308 gold pieces.

Inventory:

Missiles
 e - 9 poisoned darts (quivered)
Armour
 a - a +0 animal skin (worn)
Jewellery
 q - a +6 ring of intelligence (left claw)
Talismans
 c - a beast talisman (active)
 d - a flux talisman
Wands
 f - a wand of quicksilver (15)
 j - a wand of polymorph (8)
 s - a wand of flame (27)
Scrolls
 g - a scroll of torment {unknown}
 h - a scroll of teleportation
 l - 2 scrolls of poison
 m - a scroll of noise
 p - 3 scrolls of enchant armour
 w - a scroll of summoning {unknown}
Potions
 b - a potion of lignification
 i - 2 potions of degeneration
 k - a potion of enlightenment
 t - a potion of cancellation {unknown}
 u - a potion of might {unknown}
 v - a potion of magic
 x - a potion of brilliance
 z - a potion of resistance {unknown}
 A - a potion of mutation


   Skills:
 + Level 2.9 Fighting
 + Level 4.5 Dodging
 + Level 1.6 Stealth
 * Level 12.2 Unarmed Combat
 * Level 6.0 Shapeshifting


You had 9 spell levels left.
You didn't know any spells.
Your spell library contained the following spells:

 Spells                   Type           Power      Damage    Failure   Level
 Apportation              Tloc           0%         N/A       34%         1
 Foxfire                  Conj/Fire      0%         2x1d4     34%         1
 Necrotise                Necr           0%         1d4       34%         1
 Sting                    Conj/Alch      0%         1d3       34%         1
 Summon Small Mammal      Summ           0%         N/A       34%         1
 Blink                    Tloc           0%         N/A       47%         2
 Jinxbite                 Hex            0%         N/A       47%         2
 Lesser Beckoning         Tloc           0%         N/A       47%         2
 Mercury Vapours          Alch/Air       0%         N/A       47%         2
 Momentum Strike          Conj/Tloc      0%         3d8       47%         2
 Static Discharge         Conj/Air       0%         3-3/arc   47%         2
 Call Canine Familiar     Summ           0%         N/A       71%         3
 Volatile Blastmotes      Fire/Tloc      0%         2d10      71%         3
 Olgreb's Toxic Radiance  Alch           0%         N/A       98%         4
 Summon Blazeheart Golem  Fire/Summ      0%         N/A       98%         4
 Yara's Violent Unravell  Hex/Alch       0%         3d3       100%        5
 Plasma Beam              Fire/Air       0%         2x1d10    100%        6
 Starburst                Conj/Fire      0%         6d3       100%        6
 Enfeeble                 Hex            0%         N/A       100%        7
 Disjunction              Tloc           0%         N/A       100%        8


Dungeon Overview and Level Annotations

Branches:
Dungeon (9/15)             Temple (1/1) D:5             Orc (2/2) D:9
   Lair: D:8-11         Elf: Orc:2

Altars:
Cheibriados
Elyvilon
Gozag
Kikubaaqudgha
Makhleb
Nemelex Xobeh
Okawaru
Ru
Sif Muna
Trog
Uskayaw
Vehumet
Wu Jian
Yredelemnul
The Shining One
Lugonu

Shops:
D:1 =   D:7 =   Orc:2 *=

Annotations:
D:7 2 transporters
D:8 3 transporters


Innate Abilities, Weirdness & Mutations

You are a hulking beast.
Your limbs bulge with bestial killing power. (Slay +3)
You are too large for most types of armour.
You have claws for hands.
Your natural rate of healing is unusually fast.
You are covered in fur. (AC +1)
You have tough skin. (AC +1)
You have large cloven feet.
Your body sometimes deteriorates upon taking damage.
You occasionally shout uncontrollably at your foes.


Message History

The ogre shouts!
The orc warrior shouts! x2; The orc priest shouts!
The orc knight shouts!
The troll shouts!
The orc warrior shouts!
You hear a shout!
The orc shouts!
You hear a shout!
As you read the scroll of teleportation, it crumbles to dust.
You feel strangely unstable.
The orc knight roars a battlecry!
The orcs go into a battle-frenzy!
An orc comes into view. It is wielding a +0 falchion.
An orc comes into view. It is wielding a +0 mace.
The ogre closely misses you.
The orc priest casts a cantrip, but nothing happens.
You scratch the orc warrior. You claw the orc warrior!
The orc warrior is moderately wounded.
Your surroundings suddenly seem different.
An orc warrior, an orc high priest and an orc priest come into view.
The orc high priest no longer looks unusually strong.
The orc high priest mumbles some strange prayers to Beogh against you.
You struggle to resist.
The orc priest moves out of view.
As you read the scroll of fog, it dissolves into smoke.
The orc warrior shouts!
The orc knight no longer looks unusually strong.
The orc warrior no longer looks unusually strong.
The chaos spawn degenerates into a cloud of primal chaos!
The orc warlord roars a battlecry!
The orc knight goes into a battle-frenzy!
The orc high priest mumbles some strange prayers to Beogh.
You hear a shout!
The orc warlord roars a battlecry!
The orc sorcerer goes into a battle-frenzy!
The orc knight attacks as it pursues you!
The orc knight hits you with a +2 dire flail!!
* * * LOW HITPOINT WARNING * * *
Your body deteriorates!
You feel dopey.
You claw the orc knight!
You kick the orc knight, but do no damage.
The orc knight is moderately wounded.
The orc knight barely misses you. The neqoxec hits you.
* * * LOW HITPOINT WARNING * * *
The orc knight hits you with a +2 dire flail!!
You die...

.............#...
#.......#......#########
....... #.##.o.# ^......
###...# ....... ##.....#
....... #...o..#########
#....###§..)..........
#...§§o§§..##.........
#.§hoo§...##........
##§3§§§.####......##
##.oo§§.#.###.......
#..§§§.....##.......
......................
........##.........#...
......o####........##.
.....#####.......##
..... #.......o.#


You could see an orc warlord, an orc knight (strong), an orc high priest, a
neqoxec (summoned) and 2 orc warriors.

Vanquished Creatures
  A gargoyle (D:8)
  A troll (D:6)
  Grinder (D:5)
  Sigmund (D:4)
  A warg (Orc:2)
  Menkaure (D:3)
  Edmund (D:4)
  3 water moccasins (D:8)
  3 orc warriors
  3 black bears
  A sky beast (D:6)
  2 ice beasts (D:8)
  3 ogres
  A centaur (D:8)
  A phantom (D:5)
  2 kobold brigands
  A gnoll sergeant (D:8)
  3 bullfrogs
  2 scorpions (D:7)
  4 killer bees (D:9)
  2 howler monkeys
  2 bombardier beetles (D:5)
  4 hounds
  7 orc priests
  Jessica (D:2)
  A sleepcap (D:4)
  Ijyb (D:3)
  2 iguanas (D:7)
  8 orc wizards
  8 gnolls
  6 adders
  3 white imps
  2 ufetubi (D:6)
  3 dart slugs
  23 orcs
  3 bats
  10 endoplasms
  2 giant cockroaches (D:2)
  10 goblins
  10 hobgoblins
  4 jackals (D:3)
  17 kobolds
  5 quokkas
  8 ball pythons
  13 rats
191 creatures vanquished.

Notes
Turn   | Place    | Note
-------+----------+-------------------------------------------
     0 | D:1      | Valakon2 the Troll Shapeshifter began the quest for the
                  | Orb.
     0 | D:1      | Reached XP level 1. HP: 18/18 MP: 0/0
   118 | D:1      | Reached XP level 2. HP: 26/26 MP: 1/1
   405 | D:1      | Found Kellaro's Jewellery Emporium.
   587 | D:2      | Reached XP level 3. HP: 32/32 MP: 2/2
   629 | D:2      | Found a faded altar of an unknown god.
   661 | D:2      | Identified the +1 long sword of Disaster {freeze, rN+ SInv}
   732 | D:2      | Reached skill level 4 in Unarmed Combat
   756 | D:2      | Noticed Jessica
   762 | D:2      | Killed Jessica
   763 | D:2      | Reached XP level 4. HP: 33/40 MP: 3/3
  1215 | D:3      | Gained mutation: You have large cloven feet. [potion of
                  | mutation]
  1215 | D:3      | Gained mutation: Your body sometimes deteriorates upon
                  | taking damage. [potion of mutation]
  1215 | D:3      | Gained mutation: You occasionally shout uncontrollably at
                  | your foes. [potion of mutation]
  1287 | D:3      | Reached skill level 1 in Fighting
  1287 | D:3      | Noticed Ijyb
  1297 | D:3      | Killed Ijyb
  1368 | D:3      | Found a hide-covered altar of Uskayaw.
  1396 | D:3      | Reached skill level 5 in Unarmed Combat
  1406 | D:3      | Found a transporter.
  1410 | D:3      | Found a transporter.
  1415 | D:3      | Noticed Menkaure
  1415 | D:3      | Found a basalt altar of Yredelemnul.
  1415 | D:3      | Found an ancient bone altar of Kikubaaqudgha.
  1419 | D:3      | Killed Menkaure
  1420 | D:3      | Reached XP level 5. HP: 37/48 MP: 4/4
  1423 | D:3      | Identified the +6 hand axe of Xadoan {freeze, +Blink rC+
                  | Dex+3}
  1518 | D:3      | Identified the +1 ring mail of the Spheres {Int+4}
  1710 | D:3      | Reached XP level 6. HP: 55/55 MP: 5/5
  2251 | D:4      | Found a bloodstained altar of Trog.
  2344 | D:4      | Reached skill level 6 in Unarmed Combat
  2772 | D:4      | Noticed Edmund
  2778 | D:4      | Killed Edmund
  2779 | D:4      | Reached skill level 7 in Unarmed Combat
  2779 | D:4      | Reached XP level 7. HP: 54/62 MP: 6/6
  2795 | D:4      | Noticed Sigmund
  2801 | D:4      | Killed Sigmund
  2860 | D:5      | Entered Level 5 of the Dungeon
  3115 | D:5      | Reached skill level 8 in Unarmed Combat
  3125 | D:5      | Found a staircase to the Ecumenical Temple.
  3144 | Temple   | Entered the Ecumenical Temple
  3169 | D:5      | Reached XP level 8. HP: 72/72 MP: 7/7
  3767 | D:5      | Reached skill level 9 in Unarmed Combat
  3920 | D:5      | Found a radiant altar of Vehumet.
  3998 | D:5      | Noticed Grinder
  4020 | D:5      | Killed Grinder
  4021 | D:5      | Reached skill level 1 in Stealth
  4227 | D:6      | Reached skill level 5 in Shapeshifting
  4429 | D:6      | Found a shimmering blue altar of Sif Muna.
  4715 | D:6      | Reached XP level 9. HP: 50/80 MP: 8/8
  4788 | D:6      | Found a glowing golden altar of the Shining One.
  4882 | D:6      | Noticed a troll
  4886 | D:6      | Killed a troll
  4887 | D:6      | Reached skill level 10 in Unarmed Combat
  5097 | D:7      | Found a white marble altar of Elyvilon.
  5099 | D:7      | Found a burning altar of Makhleb.
  5188 | D:7      | Got Xaovuk's Handbook of the Moving Birds
  5219 | D:7      | Found a sparkling altar of Nemelex Xobeh.
  5393 | D:7      | Found a corrupted altar of Lugonu.
  5393 | D:7      | Noticed a white ugly thing
  5394 | D:7      | Noticed a purple ugly thing
  5396 | D:7      | Noticed a cyan ugly thing
  5396 | D:7      | Noticed a white ugly thing
  5436 | D:7      | Found Wonilunli's Jewellery Shop.
  5518 | D:7      | Found a snail-covered altar of Cheibriados.
  5537 | D:7      | Found an iron altar of Okawaru.
  5632 | D:7      | Found a transporter.
  5635 | D:7      | Found a transporter.
  5690 | D:7      | Found an opulent altar of Gozag.
  5800 | D:8      | Identified a scroll of acquirement
  5800 | D:8      | Acquired 576 gold pieces
  5854 | D:8      | Reached skill level 11 in Unarmed Combat
  5892 | D:8      | Found a transporter.
  5894 | D:8      | Noticed a gargoyle
  6000 | D:8      | Found a sacrificial altar of Ru.
  6236 | D:8      | Found a transporter.
  6236 | D:8      | Noticed a cyclops
  6287 | D:8      | Found a transporter.
  6288 | D:8      | Noticed a komodo dragon
  6289 | D:8      | Found a transporter.
  6456 | D:8      | Found an ornate altar of the Wu Jian Council.
  6463 | D:8      | Became a worshipper of the Wu Jian Council
  6661 | D:8      | Found a transporter.
  6676 | D:8      | Killed a gargoyle
  6677 | D:8      | Reached XP level 10. HP: 32/89 MP: 9/9
  6776 | D:9      | Reached skill level 12 in Unarmed Combat
  6865 | D:9      | Found a staircase to the Orcish Mines.
  6893 | Orc:1    | Entered Level 1 of the Orcish Mines
  7032 | Orc:2    | Entered Level 2 of the Orcish Mines
  7088 | Orc:2    | Noticed an orc sorcerer
  7089 | Orc:2    | Found Zoosm's Jewellery Shop.
  7089 | Orc:2    | Noticed an orc knight
  7089 | Orc:2    | Noticed an orc warlord
  7089 | Orc:2    | Noticed an orc sorcerer
  7110 | Orc:2    | Paralysed by a chaos spawn for 1 turns
  7115 | Orc:2    | Found Qaush's General Store.
  7115 | Orc:2    | Noticed an orc knight
  7118 | Orc:2    | Noticed an orc high priest
  7122 | Orc:2    | Demolished by an orc knight

Illustrated notes

Levels and vault maps discovered:
D:1:      dpeg_arrival_rooms_b, layout_rooms, serial_shops, shop, serial_glass,
          glass_columns_a, glass_columns_b, minmay_pentomino_o4
D:2:      layout_basic, chequers_ecumenical_altar_simple_redux, st_stairs_4,
          uniq_jessica
D:3:      layout_basic, mainiacjoe_overflow_six_doors_small,
          gammafunk_temple_of_torment, serial_co_window_serial,
          co_window_paths_b, co_window_of_opportunity_a, co_window_paths_b,
          co_window_paths_a, co_window_cross_1, co_window_of_opportunity_a,
          co_window_paths_a, co_window_corner_a, co_window_corner_a,
          co_window_2corner, co_window_corner_b, co_window_corner_cb,
          co_window_of_opportunity_c, glass_columns_a, uniq_ijyb
D:4:      layout_gridville, mainiacjoe_overflow_tiny_flanked,
          sigmund_edmund_badplayer
D:5:      layout_basic, vehumet_altar_wand_db, minmay_temple_entry_crystal_x,
          minmay_misc_feat_roman, uniq_grinder
D:6:      layout_loops_corners, nicolae_sif_muna_condensation,
          mainiacjoe_overflow_boulevard, minmay_small_thing
D:7:      gammafunk_corrupted_shrine, layout_basic, lemuel_doored_altar,
          nicolae_gozag_cash_rules_everything_around_me,
          mainiacjoe_overflow_concentric_impassable, amcnicky_altar_gilded,
          mainiacjoe_overflow_catwalk_spiral, serial_shops,
          nicolae_shop_gaudy_bauble
D:8:      gammafunk_the_bubble [the_bubble_gammafunk_roulette], layout_basic,
          mainiacjoe_overflow_alcove_1, nzn_wu_jian_council_hall,
          nicolae_twisty_statue_hallways
D:9:      nzn_winding_woodlands_small [nzn_winding_woodlands_5x15_split_checker,
          nzn_winding_woodlands_center_garden, nzn_winding_woodlands_5x15_eye],
          layout_irregular_city, regret_index_temple_of_mockery,
          mainiacjoe_overflow_surrounded_room, orc_0_dummy, serial_rivers,
          chequers_serial_rivers_small_3, chequers_serial_rivers_micro_a,
          chequers_serial_rivers_small_a, chequers_serial_rivers_small_b,
          chequers_serial_rivers_marsh, kb_rosetta, uniq_grum
Temple:   ebering_the_none_and_only
Orc:1:    layout_caves, nicolae_orc_minecarts
Orc:2:    grunt_orc_gardens, layout_diamond_mine, grunt_orc_garden,
          grunt_orc_garden, grunt_orc_garden, grunt_orc_garden, serial_shops,
          nicolae_shop_waterfront, nicolae_orc_flooded_monolith,
          minmay_orc_barracks

Skill      XL: |  1  2  3  4  5  6  7  8  9 10 |
---------------+-------------------------------+-----
Unarmed Combat | 4 5 7 8 9 11 12 | 12.2
Fighting       | 1 2 |  2.9
Dodging        | 2 3 4 |  4.5
Shapeshifting  | 4 5 6 |  6.0
Stealth        | 1 |  1.6

Action                     |  1- 3 |  4- 6 |  7- 9 | 10-12 || total
---------------------------+-------+-------+-------+-------++-------
  Melee: Unarmed           |    64 |    89 |   217 |    37 ||   407
         Punch             |     2 |     7 |    10 |     2 ||    21
         Kick              |       |    14 |    60 |    12 ||    86
Ability: Lunge             |       |       |       |     3 ||     3
    Use: Scroll            |     1 |     4 |     6 |     4 ||    15
         Potion            |       |     1 |     1 |     6 ||     8
 Armour: Animal skin       |    34 |    56 |   131 |    53 ||   274
  Dodge: Dodged            |    29 |    38 |    89 |    39 ||   195
   Form: Beast             |     1 |       |       |       ||     1
